 Dungeon Crawl Stone Soup version 0.23.1 (webtiles) character file.

Game seed: 793874929179491542

7749 Marnok the Blocker (level 11, -15/93 HPs)
             Began as a Minotaur Fighter on Mar 16, 2019.
             Demolished by a large abomination (24 damage)
             ... on level 1 of the Lair of Beasts.
             The game lasted 00:44:55 (5367 turns).

Marnok the Blocker (Minotaur Fighter)               Turns: 5367, Time: 00:44:56

Health: -15/93     AC: 13    Str: 22    XL:     11   Next: 0%
Magic:  10/10      EV:  9    Int:  5    God:
Gold:   262        SH: 14    Dex: 12    Spells: 10/10 levels left

rFire    + + +     SeeInvis +   Y - +10 scimitar of Intimidation {venom, rF+ Dex+4 SInv Stlth-}
rCold    . . .     Gourm    .   M - +2 shield
rNeg     . . .     Faith    .   g - +2 plate armour
rPois    +         Spirit   .   (helmet restricted)
rElec    +         Reflect  .   F - scarf {repulsion}
rCorr    +         Harm     .   B - +0 pair of gloves
MR       .....     Rnd*Rage +   (no boots)
Stlth    ..........             k - amulet of regeneration
HPRegen  0.00/turn              d - ring of fire
MPRegen  0.12/turn              G - ring of poison resistance

@: resistant, berserk cooldown, slowed, repel missiles, very slow
A: retaliatory headbutt, fangs 1, horns 2, talons 1, repulsion field 1, see
invisible, [berserk 2], [clumsy 2], [deformed body], [inhibited regeneration]
a: no special abilities


You were on level 1 of the Lair of Beasts.
You were hungry.

You visited 2 branches of the dungeon, and saw 11 of its levels.
You visited the Abyss 1 time.
You also visited: Bailey and Gauntlet.

You collected 562 gold pieces.
You spent 300 gold pieces at shops.

Inventory:

Hand Weapons
 h - a +3 short sword of distortion
 o - a +1 whip of draining
 q - a +2 vampiric dagger
 K - a cursed -2 scythe
 L - a cursed -1 rapier
 O - a +1 vampiric long sword
 R - a +0 great sword of electrocution
 Y - the +10 scimitar of Intimidation (weapon) {venom, rF+ Dex+4 SInv Stlth-}
   (You found it in a Gauntlet)

   It poisons the flesh of those it strikes.
   It affects your dexterity (+4).
   It protects you from fire.
   It lets you see invisible.
   It makes you less stealthy.
 Z - a +5 antimagic whip
Missiles
 E - 5 poisoned tomahawks (quivered)
Armour
 a - a +0 ring mail
 b - a cursed -1 robe
 g - a +2 plate armour (worn)
 p - a +1 chain mail of cold resistance
 B - a +0 pair of gloves (worn)
 F - a scarf of repulsion (worn)
 M - a +2 shield (worn)
 P - a +2 scale mail of poison resistance
Magical Staves
 T - an uncursed staff of fire {unknown}
Jewellery
 d - a ring of fire (left hand)
 k - an amulet of regeneration (around neck)
 m - an uncursed ring of magical power
 x - an uncursed ring of positive energy
 G - a ring of poison resistance (right hand)
 Q - the ring of the Heavens {*Slow rElec rC+ Int+2 Stlth+, unknown}
   (You found it in a Gauntlet)

   [ring of intelligence]

   It affects your intelligence (+2).
   It protects you from cold.
   It insulates you from electricity.
   It may slow you when you take damage.
   It makes you more stealthy.
 U - the cursed ring of Woren {*Drain rPois rF++ Int+3 Dex-2, unknown}
   (You found it in a Gauntlet)

   [ring of dexterity]

   It affects your intelligence (+3).
   It affects your dexterity (-2).
   It greatly protects you from fire.
   It protects you from poison.
   It causes draining when unequipped.
   It has a curse placed upon it.
 X - a cursed ring of attention {unknown}
Wands
 v - a wand of random effects (47)
 w - a wand of iceblast (12)
 y - a wand of acid (9)
 J - a wand of flame (37)
 S - a wand of disintegration (18)
 W - a wand of enslavement (8)
Scrolls
 e - 4 scrolls of teleportation
 i - 2 scrolls of silence
 n - 2 scrolls of magic mapping {unknown}
 s - a scroll of remove curse
 t - a scroll of fog {unknown}
 u - 3 scrolls of blinking {unknown}
 H - a scroll of fear {unknown}
 N - a scroll of random uselessness {unknown}
Potions
 l - 2 potions of lignification
 A - a potion of ambrosia
 I - a potion of agility
Miscellaneous
 c - a box of beasts
 j - a lightning rod (4/4)
Comestibles
 f - 26 rations


   Skills:
 + Level 7.7 Fighting
 + Level 9.5(9.6) Short Blades
 + Level 2.8(7.2) Long Blades
 + Level 4.7 Throwing
 + Level 10.4 Armour
 + Level 1.7 Dodging
 + Level 0.3 Stealth
 + Level 11.3 Shields


You had 10 spell levels left.
You didn't know any spells.
Your spell library contained the following spells:

 Spells                   Type           Power        Failure   Level  Hunger
 Sandblast                Erth           #.....       100%        1    ##.....
 Passwall                 Tmut/Erth      #.......     100%        2    ###....
 Stone Arrow              Conj/Erth      #.....       100%        3    ####...
 Petrify                  Tmut/Erth      #.......     100%        4    #####..
 Lee's Rapid Deconstruct  Erth           #.........   100%        5    ######.


Dungeon Overview and Level Annotations

Branches:
Dungeon (10/15)            Temple (0/1) D:5            Lair (1/6) D:9
    Orc: D:9-12

Altars:
Ashenzari
Elyvilon
Kikubaaqudgha
Makhleb
Ru
Sif Muna

Shops:
D:7 %

Annotations:
D:10 Maurice


Innate Abilities, Weirdness & Mutations

You reflexively headbutt those who attack you in melee.
You have a pair of horns on your head.
You have very sharp teeth.
You have sharp toenails.
You are surrounded by a mild repulsion field. (EV +2)
You have supernaturally acute eyesight. (SInv)
[You often lose your temper in combat.]
[You are very clumsy. (Dex -4)]
[Armour fits poorly on your strangely shaped body.]
[You do not regenerate when monsters are visible.]


Message History

You block the large abomination's attack.
The large abomination barely misses you.
Found a dagger.
You block the large abomination's attack.
You see here a potion of degeneration.
The large abomination hits you!!
* * * LOW HITPOINT WARNING * * *
You feel protected.
You block the large abomination's attack.
You hit the large abomination.
The large abomination is lightly damaged.
You block the large abomination's attack.
The large abomination hits you.
* * * LOW HITPOINT WARNING * * *
You slash the large abomination!
You bite the large abomination, but do no damage.
The large abomination is moderately damaged.
The large abomination hits you but does no damage.
The large abomination hits you!!
You die...

# ###. ## #.##.# .# ##
.# ### #.##.# #.#
h##..### #.##.# #.#
........ #.##.# #.#
......#. #.##.# #.#
.#.##..# # #.##.# ##.#
..## .#
..P.#####.##.#####P.####
.##
....)..@X.......∩....#.#
.###
..#######P#######.#.....
...# ### ###..### ...#
#.## # ...# #.# # #..#
#.# # #..# #.# # ...#
... # ...# .). .


You could see a large abomination.

Vanquished Creatures
  Harold (Lair:1)
  A wretched star (Abyss:2)
  An ugly thing (Gauntlet)
  A black mamba (Lair:1)
  2 spiny frogs (Lair:1)
  Grinder (D:6)
  2 hippogriffs
  A large abomination (Abyss:2)
  A yak (D:10)
  A fire bat (Gauntlet)
  A hungry ghost (D:7)
  A soldier ant (D:9)
  2 hell hounds (Gauntlet)
  3 porcupines
  2 sky beasts (D:8)
  An ice beast (D:7)
  A black bear (D:7)
  A phantom (D:5)
  3 wolves (Lair:1)
  3 ogres
  A centaur (D:5)
  2 bullfrogs
  A water moccasin zombie (D:5)
  A scorpion (D:6)
  6 killer bees
  2 howler monkeys
  2 crimson imps
  2 orc wizards
  3 orc priests
  3 hounds
  A worker ant (D:8)
  An ogre zombie (D:9)
  8 gnolls
  A howler monkey skeleton (D:4)
  10 adders
  A shadow imp (D:5)
  2 oozes
  An adder skeleton (D:8)
  2 dart slugs (D:1)
  7 leopard geckos
  28 orcs
  2 bats
  6 giant cockroaches
  3 goblins
  7 hobgoblins
  24 kobolds
  2 quokkas
  3 ball pythons
  5 frilled lizards
  A goblin skeleton (D:9)
  An orc skeleton (D:9)
  A quokka skeleton (D:5)
  3 rats
  A starspawn tentacle (Abyss:2)
174 creatures vanquished.

Vanquished Creatures (others)
  A minotaur (Gauntlet)
  A spiny frog (Lair:1)
  A hippogriff (D:7)
  A vampire (D:9)
  A phantom (D:8)
  2 killer bees (D:8)
  2 howler monkeys
  A gnoll (D:3)
  An orc (D:9)
  A hobgoblin (D:1)
  37 fungi
  18 plants (D:9)
  2 starspawn tentacles (Abyss:2)
69 creatures vanquished.

Grand Total: 243 creatures vanquished

Notes
Turn   | Place    | Note
-------+----------+-------------------------------------------
     0 | D:1      | Marnok the Minotaur Fighter began the quest for the Orb.
     0 | D:1      | Reached XP level 1. HP: 19/19 MP: 0/0
   164 | D:1      | Reached XP level 2. HP: 20/27 MP: 1/1
   173 | D:1      | Reached skill level 4 in Shields
   532 | D:1      | Reached XP level 3. HP: 33/33 MP: 2/2
   735 | D:3      | Reached skill level 1 in Short Blades
   755 | D:3      | Reached XP level 4. HP: 40/40 MP: 3/3
   803 | D:3      | Found a sacrificial altar of Ru.
   899 | D:3      | Found a burning altar of Makhleb.
   943 | D:3      | Reached skill level 5 in Shields
   943 | D:3      | Reached XP level 5. HP: 47/47 MP: 4/4
  1175 | D:3      | Reached skill level 5 in Armour
  1526 | D:4      | Found a shattered altar of Ashenzari.
  1539 | D:3      | Reached skill level 1 in Dodging
  1578 | D:4      | Reached XP level 6. HP: 50/53 MP: 5/5
  1667 | D:4      | Got an ancient hand axe
  1737 | D:4      | Found a white marble altar of Elyvilon.
  1985 | D:5      | Entered Level 5 of the Dungeon
  2073 | D:5      | You fall through a shaft for 2 floors!
  2146 | D:7      | Noticed an ice beast
  2158 | D:7      | Killed an ice beast
  2158 | D:7      | Reached skill level 6 in Shields
  2158 | D:7      | Reached XP level 7. HP: 60/60 MP: 6/6
  2172 | D:7      | Found an ancient bone altar of Kikubaaqudgha.
  2177 | D:7      | Noticed a hungry ghost
  2186 | D:7      | Killed a hungry ghost
  2186 | D:7      | Reached skill level 5 in Fighting
  2255 | D:7      | You fall through a shaft for 3 floors!
  2255 | D:10     | Entered Level 10 of the Dungeon
  2385 | D:10     | Noticed Maurice
  2387 | D:10     | Paralysed by Maurice for 5 turns
  2429 | D:10     | Noticed a yak
  2430 | D:10     | Noticed a yak
  2430 | D:10     | Noticed a yak
  2431 | D:10     | Noticed a yak
  2431 | D:10     | Noticed a yak
  2433 | D:10     | Noticed a yak
  2440 | D:10     | Killed a yak
  2440 | D:10     | Reached skill level 5 in Short Blades
  2440 | D:10     | Reached skill level 7 in Shields
  2440 | D:10     | Reached XP level 8. HP: 45/68 MP: 7/7
  2457 | D:9      | Noticed a two-headed ogre
  2493 | D:9      | Found a deep blue altar of Sif Muna.
  2504 | D:9      | Found a staircase to the Lair.
  2684 | D:7      | Found a flagged portal.
  2684 | D:7      | Noticed a hippogriff
  2716 | Bailey   | Entered a bailey
  2799 | Bailey   | Noticed an orc knight
  2897 | D:7      | Banished a hippogriff
  2897 | D:7      | Reached skill level 1 in Throwing
  2937 | D:6      | Noticed Grinder
  2954 | D:6      | Killed Grinder
  3083 | D:6      | Identified the cursed +0 hand axe of Peril {venom, +Rage
                  | Str+2} (You found it on level 4 of the Dungeon)
  3259 | D:5      | Reached skill level 8 in Shields
  3524 | D:5      | Found a staircase to the Ecumenical Temple.
  3723 | D:7      | Found Rede's Food Emporium.
  3732 | D:7      | Bought a ration for 50 gold pieces
  3732 | D:7      | Bought a ration for 50 gold pieces
  3732 | D:7      | Bought a ration for 50 gold pieces
  3732 | D:7      | Bought a ration for 50 gold pieces
  3732 | D:7      | Bought a ration for 50 gold pieces
  3732 | D:7      | Bought a ration for 50 gold pieces
  3748 | D:7      | Noticed a hippogriff
  3948 | D:7      | Killed a hippogriff
  3948 | D:7      | Reached XP level 9. HP: 56/74 MP: 8/8
  3999 | D:8      | Noticed a seven-headed hydra
  4435 | D:9      | Reached skill level 9 in Shields
  4535 | Lair:1   | Entered Level 1 of the Lair of Beasts
  4559 | Lair:1   | Noticed Harold
  4579 | Lair:1   | Killed Harold
  4579 | Lair:1   | Reached XP level 10. HP: 80/84 MP: 9/9
  4628 | Lair:1   | Noticed a black mamba
  4644 | Lair:1   | Killed a black mamba
  4647 | Lair:1   | Gained mutation: You have very sharp teeth. [potion of
                  | mutation]
  4647 | Lair:1   | Gained mutation: You are surrounded by a mild repulsion
                  | field. (EV +2) [potion of mutation]
  4647 | Lair:1   | Gained mutation: You have supernaturally acute eyesight.
                  | (SInv) [potion of mutation]
  4647 | Lair:1   | Gained mutation: You have sharp toenails. [potion of
                  | mutation]
  4656 | Lair:1   | Noticed a spiny frog
  4664 | Lair:1   | Killed a spiny frog
  4664 | Lair:1   | Reached skill level 10 in Armour
  4664 | Lair:1   | Reached skill level 10 in Shields
  4679 | Lair:1   | Noticed a spiny frog
  4688 | Lair:1   | Killed a spiny frog
  4822 | Lair:1   | Noticed a spiny frog
  4837 | Lair:1   | Banished a spiny frog
  4861 | Lair:1   | Found a gate leading to a gauntlet.
  4870 | Gauntlet | Entered a Gauntlet
  4870 | Gauntlet | Found a transporter.
  4873 | Gauntlet | Noticed a black mamba
  4875 | Gauntlet | Found a transporter.
  4876 | Gauntlet | Noticed an elephant
  4877 | Gauntlet | Noticed a mana viper
  4877 | Gauntlet | an elephant changed into a mana viper
  4882 | Gauntlet | Noticed a water nymph
  4882 | Gauntlet | a mana viper changed into a water nymph
  4884 | Gauntlet | Noticed a glowing orange brain
  4884 | Gauntlet | a water nymph changed into a glowing orange brain
  4886 | Gauntlet | a black mamba changed into a spriggan
  4889 | Gauntlet | a glowing orange brain changed into a floating eye
  4891 | Gauntlet | Noticed a salamander
  4891 | Gauntlet | a raiju changed into a salamander
  4892 | Gauntlet | Found a transporter.
  4893 | Gauntlet | Found a transporter.
  4893 | Gauntlet | Noticed a water nymph
  4893 | Gauntlet | a floating eye changed into a water nymph
  4899 | Gauntlet | Noticed a moth of wrath
  4899 | Gauntlet | a water nymph changed into a moth of wrath
  4902 | Gauntlet | Noticed an apocalypse crab
  4902 | Gauntlet | Found a transporter.
  4920 | Gauntlet | Found the +8 lance "Wyrmbane" {slay drac, rPois rF+ rC+
                  | AC+3}
  4922 | Gauntlet | Found a transporter.
  4933 | Gauntlet | Noticed a cyan ugly thing
  4934 | Gauntlet | Noticed a great orb of eyes
  4935 | Gauntlet | Found a transporter.
  4935 | Gauntlet | Noticed a green ugly thing
  4954 | Gauntlet | Found a transporter.
  4958 | Gauntlet | Found a transporter.
  4966 | Gauntlet | Found a transporter.
  4973 | Gauntlet | Noticed a fire crab
  5027 | Gauntlet | Got a sparkling bronze ring
  5047 | Gauntlet | Killed a cyan ugly thing
  5054 | Gauntlet | Got a sparkling marble ring
  5067 | Gauntlet | Noticed a minotaur
  5084 | Gauntlet | Banished a minotaur
  5084 | Gauntlet | Reached skill level 11 in Shields
  5218 | Gauntlet | Got an ancient scimitar
  5237 | Lair:1   | Identified the +10 scimitar of Intimidation {venom, rF+
                  | Dex+4 SInv Stlth-} (You found it in a Gauntlet)
  5238 | Lair:1   | Cast into level 2 of the Abyss (a distortion unwield)
  5303 | Abyss:2  | Noticed a wretched star
  5331 | Abyss:2  | Killed a wretched star
  5331 | Abyss:2  | Reached XP level 11. HP: 68/93 MP: 10/10
  5338 | Abyss:2  | Noticed a tentacled starspawn
  5349 | Abyss:2  | Noticed a large abomination
  5349 | Abyss:2  | Noticed a large abomination
  5355 | Lair:1   | Escaped the Abyss
  5367 | Lair:1   | Demolished by a large abomination

Skill      XL: |  1  2  3  4  5  6  7  8  9 10 |
---------------+-------------------------------+-----
Fighting       | 4 5 6 7 |  7.7
Shields        | 4 5 6 7 8 9 11 | 11.3
Armour         | 4 5 6 8 9 10 | 10.4
Short Blades   | 1 2 3 5 7 9 |  9.5
Dodging        | 1 |  1.7
Throwing       | 4 |  4.7
Long Blades    | |  2.8
Stealth        | |  0.3

Action                   |  1- 3 |  4- 6 |  7- 9 | 10-12 || total
-------------------------+-------+-------+-------+-------++-------
Melee: Short sword       |    55 |   154 |   237 |    88 ||   534
       Long sword        |     1 |       |       |       ||     1
       Headbutt          |    11 |    21 |    50 |    18 ||   100
       Kick              |       |       |       |    25 ||    25
       Scimitar          |       |       |       |    22 ||    22
       Bite              |       |       |       |    13 ||    13
Throw: Tomahawk          |       |       |    67 |       ||    67
Evoke: Wand              |       |       |     1 |       ||     1
  Use: Potion            |     1 |     8 |    11 |     5 ||    25
       Scroll            |       |     5 |    11 |     2 ||    18
  Eat: Chunk             |       |     4 |     6 |     2 ||    12
       Ration            |       |       |     1 |       ||     1
Armor: Scale mail        |    23 |     6 |       |       ||    29
       Plate armour      |       |    53 |   271 |    40 ||   364
Dodge: Dodged            |    19 |    20 |   112 |    16 ||   167
       Deflected         |       |       |     1 |       ||     1
Block: Shield            |    36 |    75 |   273 |    65 ||   449
